 Dungeon Crawl Stone Soup version 0.32-a0-614-gd166fa89d2 (webtiles) character file.

Game seed: 4717512606347063223

72 Dirtsage the Insei (level 4, 35/35 HPs)
             Began as a Demonspawn Monk on Mar 6, 2024.
             Quit the game on level 2 of the Dungeon.
             The game lasted 00:02:04 (1376 turns).

Dirtsage the Insei (Demonspawn Monk)                Turns: 1376, Time: 00:02:05

Health: 35/35      AC:  5    Str: 13    XL:     4   Next: 6%
Magic:  4/4        EV: 11    Int: 10    God:
Gold:   124        SH:  0    Dex: 16    Spells: 3/3 levels left

rFire   . .          .
                       - Unarmed
rCold   . . .        c - orb {light}
rNeg    . . .        i - +0 ring mail
rPois   .            (no helmet)
rElec   .            (no cloak)
rCorr   .            (no gloves)
SInv    .            (no boots)
Will    .....        (no amulet)
Stlth   +            (no ring)
HPRegen 0.25/turn    (no ring)
MPRegen 0.09/turn

%: no passive effects
@: glowing
A: hooves 1, powered by pain 1, spiny 1
a: no special abilities


You were on level 2 of the Dungeon.
You visited 1 branch of the dungeon, and saw 2 of its levels.

You collected 124 gold pieces.

Inventory:

Armour
 a - a +0 robe
 c - an orb of light (worn)
 i - a +0 ring mail (worn)
Scrolls
 f - a scroll of noise {unknown}
 g - a scroll of blinking {unknown}
 h - a scroll of amnesia {unknown}
 k - a scroll of teleportation {unknown}
Potions
 b - a potion of ambrosia
 d - 3 potions of curing {unknown}
 e - a potion of enlightenment {unknown}
 j - a potion of mutation {unknown}


   Skills:
 - Level 3.0 Fighting
 - Level 2.6 Dodging
 + Level 4.5 Unarmed Combat


You had 3 spell levels left.
You didn't know any spells.
Your spell library contained the following spells:

 Spells                   Type           Power      Damage    Failure   Level
 Volatile Blastmotes      Fire/Tloc      0%         2d10      94%         3
 Fulminant Prism          Conj/Alch      0%         3d5       100%        4
 Iskenderun's Mystic Bla  Conj/Tloc      0%         2d3       100%        4


Dungeon Overview and Level Annotations

Branches:
Dungeon (2/15)

Altars:


Innate Abilities, Weirdness & Mutations

You have large cloven feet.
You sometimes gain a little power by taking damage.
You are partially covered in sharp spines.


Message History

You hit Terence but do no damage. Your kick misses Terence.
Terence is heavily wounded.
Terence hits you but does no damage.
You hit Terence but do no damage.
Terence is heavily wounded.
Terence hits you with a +0 flail.
You take 1 damage, and have 9/29 hp.
You barely miss Terence.
Terence is heavily wounded.
Terence hits you with a +0 flail.
* * * LOW HITPOINT WARNING * * *
You take 3 damage, and have 6/29 hp.
You barely miss Terence.
Terence is heavily wounded.
Terence closely misses you.
You hit Terence but do no damage.
Terence is heavily wounded.
Terence closely misses you.
You hit Terence but do no damage. You kick Terence, but do no damage.
Terence is heavily wounded.
You hit Terence. You kick Terence.
Terence is almost dead.
Terence hits you with a +0 flail.
* * * LOW HITPOINT WARNING * * *
You take 6 damage, and have 1/29 hp.
MASSIVE DAMAGE!!
You hit Terence but do no damage.
Terence is almost dead.
Terence hits you but does no damage.
You barely miss Terence.
Terence is almost dead.
Terence closely misses you.
You hit Terence.
You kill Terence!
You have reached level 4!
You feel agile.
Your demonic ancestry asserts itself...
Sharp spines emerge from parts of your body.
MP restored: 4
k - a scroll labelled PUIJEIFRUN Health restored: 35 Are you sure you want to abandon this character and quit the game? (Confirm with "yes".)

#)....# #........#
#..#+####......... .
####.).............#. ..
#...............####.
...#+####...............
#.......#....#.....###.
#......?###............
#.......####+#####...#.
#.....@........#....##.
#..............+.......
#......).......#>#.....
#..............###.....
#........####### #..)..
#........# #....#
.....$.... #.....
#########. #..... .
#.....


There were no monsters in sight!

Vanquished Creatures
  Terence (D:2)
  A dart slug (D:1)
  2 ribbon worms (D:2)
  13 ball pythons (D:1)
  2 bats (D:1)
  2 endoplasms (D:1)
  2 giant cockroaches (D:1)
  3 goblins (D:2)
  2 hobgoblins (D:1)
  5 quokkas
  2 kobolds (D:1)
  A rat (D:2)
36 creatures vanquished.

Notes
Turn   | Place    | Note
-------+----------+-------------------------------------------
     0 | D:1      | Dirtsage the Demonspawn Monk began the quest for the Orb.
     0 | D:1      | Reached XP level 1. HP: 18/18 MP: 1/1
    72 | D:1      | Reached skill level 3 in Unarmed Combat
   173 | D:1      | Found a faded altar of an unknown god.
   178 | D:1      | Gained mutation: You have large cloven feet. [demonic
                  | ancestry]
   178 | D:1      | Reached XP level 2. HP: 19/24 MP: 2/2
   761 | D:1      | Gained mutation: You sometimes gain a little power by
                  | taking damage. [demonic ancestry]
   761 | D:1      | Reached XP level 3. HP: 29/29 MP: 3/3
   978 | D:2      | Reached skill level 4 in Unarmed Combat
  1222 | D:2      | Noticed Terence
  1239 | D:2      | HP: 1/29 [Terence/+0 flail (6)]
  1242 | D:2      | Killed Terence
  1243 | D:2      | Gained mutation: You are partially covered in sharp spines.
                  | [demonic ancestry]
  1243 | D:2      | Reached XP level 4. HP: 2/35 MP: 4/4
  1376 | D:2      | Quit the game

Illustrated notes

Levels and vault maps discovered:
D:1:      minmay_arrival_semitransparent, layout_basic,
          nicolae_ecumenical_snake_handling
D:2:      layout_basic, uniq_terence

Skill      XL: |  1  2  3 |
---------------+----------+-----
Unarmed Combat | 3 4 |  4.5
Fighting       | |  3.0
Dodging        | |  2.6

Action                     |  1- 3 |  4- 6 || total
---------------------------+-------+-------++-------
  Melee: Unarmed           |   106 |       ||   106
         Kick              |    21 |       ||    21
 Armour: Robe              |    27 |       ||    27
         Ring mail         |    36 |       ||    36
  Dodge: Dodged            |    56 |       ||    56

Table legend: (Time is in decaauts)
 A = Elapsed time spent in this place.
 B = Non-inter-level travel time spent in this place.
 C = Inter-level travel time spent in this place.
 D = Time resting spent in this place.
 E = Time spent auto-exploring this place.
 F = Levels seen in this place.
 G = Mean time per level.
                   A        B        C        D        E       F      G
               +--------+--------+--------+--------+--------+-----+--------+
         Total |   1368 |   1338 |     30 |      0 |   1118 |   2 |  684.0 |
       Dungeon |   1368 |   1338 |     30 |      0 |   1118 |   2 |  684.0 |
               +--------+--------+--------+--------+--------+-----+--------+

Top non-repeatable levels by time:
     D:1: 917 daAuts
     D:2: 451 daAuts
